 Dungeon Crawl Stone Soup version 0.31.0-12-g77e489cdc1 (webtiles) character file.

Game seed: 8309217556960750026

475 Curundu the Chopper (level 6, -6/84 HPs)
             Began as a Minotaur Berserker on Feb 13, 2024.
             Was a Priest of Trog.
             Splashed by a jelly's acid (9 damage)
             ... on level 4 of the Dungeon.
             The game lasted 00:08:39 (2919 turns).

Curundu the Chopper (Minotaur Berserker)            Turns: 2919, Time: 00:08:40

Health: -6/84      AC: 10    Str: 23    XL:     6   Next: 84%
Magic:  5/5        EV:  9    Int:  4    God:    Trog [***...]
Gold:   238        SH:  0    Dex: 10    Spells: 5/5 levels left

rFire   . . .        a - +0 hand axe
rCold   . . .        (no shield)
rNeg    . . .        t - +0 chain mail
rPois   .            (helmet restricted)
rElec   .            (no cloak)
rCorr   .            n - +0 pair of gloves
SInv    .            (no boots)
Will    .....        (no amulet) Stlth
                     (no ring)
HPRegen 0.34/turn    (no ring)
MPRegen 0.09/turn

%: no passive effects
@: berserking, very quick
A: horns 2, retaliatory headbutt
a: Renounce Religion, Berserk, Trog's Hand


You were on level 4 of the Dungeon.
You worshipped Trog.
Trog was most pleased with you.
You visited 1 branch of the dungeon, and saw 4 of its levels.
You also visited: Sewer.

You collected 238 gold pieces.

Inventory:

Hand Weapons
 a - a +0 hand axe (weapon)
Missiles
 o - a throwing net (quivered)
Armour
 n - a +0 pair of gloves (worn)
 t - a +0 chain mail (worn)
Jewellery
 s - an amulet of faith
Scrolls
 b - a scroll of revelation {unknown}
 c - a scroll of teleportation {unknown}
 d - 3 scrolls of identify {unknown}
 g - a scroll of enchant weapon {unknown}
 j - 2 scrolls of fear {unknown}
 m - 2 scrolls of immolation {unknown}
 p - a scroll of blinking {unknown}
Potions
 e - 2 potions of enlightenment {unknown}
 f - a potion of might {unknown}
 h - 3 potions of curing {unknown}
 i - a potion of heal wounds {unknown}
 k - a potion of lignification {unknown}
 l - a potion of berserk rage {unknown}
 q - a potion of haste {unknown}
 r - 2 potions of brilliance {unknown}


   Skills:
 + Level 5.1 Fighting
 + Level 6.4 Axes
 * Level 3.3 Armour
 + Level 4.3 Dodging
 - Level 1.1 Stealth
 * Level 1.2 Shields
 * Level 1.0 Evocations


You had 5 spell levels left.
You didn't know any spells.
Your spell library was empty.

Dungeon Overview and Level Annotations

Branches:
Dungeon (4/15)              Sewer (visited)
 Temple: D:4-7

Altars:


Innate Abilities, Weirdness & Mutations

You have a pair of horns on your head.
You reflexively headbutt those who attack you in melee.


Message History

You barely miss the gnoll bouda. The gnoll closely misses you.
The gnoll bouda closely misses you. You furiously retaliate!
You headbutt the gnoll bouda. You slash the gnoll!
You kill the gnoll!
Trog accepts your kill.
You hit the gnoll bouda but do no damage.
The gnoll bouda completely misses you. You furiously retaliate!
You headbutt the gnoll bouda!
You kill the gnoll bouda!
Trog accepts your kill.
Your Evocations skill increases to level 1!
Items here: )) [ ††.
A jelly comes into view.
The jelly closely misses you. The jelly closely misses you.
You hit the jelly.
Your hands burn!
The jelly is moderately wounded.
The jelly barely misses you.
You hit the jelly but do no damage.
Your hands burn!
* * * LOW HITPOINT WARNING * * *
The jelly is moderately wounded.
The jelly hits you but does no damage.
You hit the jelly.
Your hands burn!
* * * LOW HITPOINT WARNING * * *
The jelly is severely wounded.
The jelly hits you.
* * * LOW HITPOINT WARNING * * *
You are splashed with acid.
* * * LOW HITPOINT WARNING * * *
You hit the jelly but do no damage.
Your hands burn!
* * * LOW HITPOINT WARNING * * *
The jelly is severely wounded.
The jelly misses you.
Unknown command.
A red film seems to cover your vision as you go berserk!
You feel yourself moving faster!
You feel mighty! The jelly hits you.
* * * LOW HITPOINT WARNING * * *
You are splashed with acid!
You die...

.# #.#.# #.# )# ##
#.#.###.# .# #=. #
#.#.##..# .##... #
#..#.## ....# .
#...# ...# . ###..#
..# #...## ##..#
#.#.#######...#####
#.#†.#....@J...>...
..##
##...###.##..####
.....##.####))#
...# #........##.##
#..# #...####.##.##
.. #..# #......# .
.. #...>..#
#......# #......#


You could see a jelly.

Vanquished Creatures
  2 bullfrogs
  A gnoll bouda (D:4)
  An orc wizard (D:3)
  Natasha (thrice) (D:3)
  4 gnolls (D:4)
  8 adders
  11 dart slugs
  A ribbon worm (D:2)
  6 orcs
  4 ball pythons
  3 endoplasms
  14 giant cockroaches
  5 goblins
  3 hobgoblins
  3 jackals (D:1)
  A quokka (D:2)
  5 bats
  9 frilled lizards
  3 kobolds
  3 rats
90 creatures vanquished.

Notes
Turn   | Place    | Note
-------+----------+-------------------------------------------
     0 | D:1      | Curundu the Minotaur Berserker began the quest for the Orb.
     0 | D:1      | Reached XP level 1. HP: 19/19 MP: 0/0
   388 | D:1      | Reached XP level 2. HP: 27/27 MP: 1/1
   393 | D:1      | Reached skill level 4 in Axes
   980 | D:2      | Reached XP level 3. HP: 29/33 MP: 2/2
  1463 | D:3      | Reached XP level 4. HP: 11/41 MP: 3/3
  1505 | D:3      | Found a glowing drain.
  1530 | Sewer    | Entered a sewer
  1533 | Sewer    | Reached ** piety under Trog
  1534 | Sewer    | Reached skill level 5 in Axes
  1687 | Sewer    | Reached XP level 5. HP: 20/47 MP: 4/4
  1912 | Sewer    | Reached skill level 1 in Stealth
  2468 | D:3      | Noticed Natasha
  2477 | D:3      | Killed Natasha
  2496 | D:3      | Noticed Natasha
  2504 | D:3      | Killed Natasha
  2505 | D:3      | Reached skill level 5 in Fighting
  2505 | D:3      | Reached skill level 6 in Axes
  2505 | D:3      | Reached XP level 6. HP: 46/56 MP: 5/5
  2508 | D:3      | Noticed Natasha
  2523 | D:3      | Killed Natasha
  2684 | D:3      | Reached *** piety under Trog
  2900 | D:4      | Reached skill level 1 in Shields
  2910 | D:4      | Reached skill level 1 in Evocations
  2919 | D:4      | HP: 3/84 [jelly (2)]
  2919 | D:4      | Splashed by a jelly's acid

Illustrated notes

Levels and vault maps discovered:
D:1:      lightli_arrival_quake, layout_loops_ring, serial_park_tiny_1,
          minivault_19
D:2:      layout_basic, hex_intersection, guppyfry_early_lair_pool
D:3:      layout_rooms, portal_sewer_entry_a, uniq_natasha
D:4:      layout_rooms, nrook_mini_backslash

Skill      XL: |  1  2  3  4  5  6 |
---------------+-------------------+-----
Axes           | 4 5 6 |  6.4
Fighting       | 4 5 |  5.1
Dodging        | 3 4 |  4.3
Stealth        | 1 |  1.1
Armour         | 3 |  3.3
Shields        | 1 |  1.2
Evocations     | 1 |  1.0

Action                     |  1- 3 |  4- 6 || total
---------------------------+-------+-------++-------
  Melee: Hand axe          |    71 |   144 ||   215
         Headbutt          |     6 |    14 ||    20
         Punch             |       |     1 ||     1
 Invoke: Berserk           |       |     1 ||     1
   Stab: Sleeping          |     1 |       ||     1
 Armour: Animal skin       |    57 |    65 ||   122
         Scale mail        |       |    26 ||    26
         Chain mail        |       |    28 ||    28
  Dodge: Dodged            |    65 |   122 ||   187
